 Dungeon Crawl Stone Soup version 0.30.1-11-g7821555f0a (webtiles) character file.

Game seed: 861159821113138339

90 safid the Chiller (level 4, -2/34 HPs)
             Began as a Merfolk Ice Elementalist on Nov 9, 2023.
             Slain by a gnoll
             ... wielding a +0 halberd
              (4 damage)
             ... on level 3 of the Dungeon.
             The game lasted 00:04:30 (2747 turns).

safid the Chiller (Merfolk Ice Elementalist)        Turns: 2747, Time: 00:04:31

Health: -2/34      AC:  9    Str:  8    XL:     4   Next: 56%
Magic:  2/8        EV: 12    Int: 16    God:
Gold:   211        SH:  0    Dex: 14    Spells: 1/8 levels left

rFire   . . .        l - +5 war axe of Kismet {freeze, rN+ Stlth+}
rCold   + . .        (no shield)
rNeg    + . .        a - +0 robe
rPois   .            t - +0 helmet
rElec   .            (no cloak)
rCorr   .            (no gloves)
SInv    .            (no boots)
Will    +....        (no amulet)
Stlth   +++          h - ring of protection from cold
HPRegen 0.25/turn    k - ring of willpower
MPRegen 0.11/turn

%: no passive effects
@: ice-armoured, very slightly contaminated
A: (nimble swimmer 2), mertail
a: no special abilities


You were on level 3 of the Dungeon.
You visited 1 branch of the dungeon, and saw 3 of its levels.

You collected 211 gold pieces.

Inventory:

Hand Weapons
 l - the +5 war axe of Kismet (weapon) {freeze, rN+ Stlth+}
   (You found it on level 2 of the Dungeon)

   rN:        It protects you from negative energy.
   Stlth:     It makes you more stealthy.
 o - the +7 trident "Cyept" {antimagic, *Slow rElec rF+ Int+2}
   (You found it on level 2 of the Dungeon)

   Int:       It affects your intelligence (+2).
   rF:        It protects you from fire.
   rElec:     It insulates you from electricity.
   *Slow:     It may slow you when you take damage.
Armour
 a - a +0 robe (worn)
 t - a +0 helmet (worn)
Jewellery
 h - a ring of protection from cold (left hand)
 k - a ring of willpower (right hand)
Scrolls
 f - a scroll of teleportation {unknown}
 g - 2 scrolls of amnesia {unknown}
 i - a scroll of torment {unknown}
 j - a scroll of brand weapon {unknown}
 n - 2 scrolls of identify {unknown}
 q - a scroll of poison {unknown}
 r - 2 scrolls of noise {unknown}
Potions
 b - a potion of magic
 c - a potion of brilliance {unknown}
 d - a potion of mutation {unknown}
 e - a potion of might {unknown}
 m - 2 potions of degeneration {unknown}
 s - a potion of heal wounds {unknown}


   Skills:
 + Level 2.3 Fighting
 - Level 2.6 Dodging
 - Level 2.1 Stealth
 + Level 2.9 Spellcasting
 + Level 5.1 Ice Magic


You had one spell level left.
You knew the following spells:

 Your Spells              Type           Power      Damage    Failure   Level
a - Freeze                Ice            72%        1d8       2%          1
b - Frozen Ramparts       Ice            36%        1d6       7%          3
c - Ozocubu's Armour      Ice            18%        N/A       7%          3

Your spell library contained the following spells:

 Spells                   Type           Power      Damage    Failure   Level
 Magic Dart               Conj           8%         1d3       19%         1
 Hailstorm                Conj/Ice       10%        3d5       21%         3
 Call Imp                 Summ           4%         N/A       28%         2
 Static Discharge         Conj/Air       4%         2-3/arc   28%         2
 Mephitic Cloud           Conj/Pois/Air  2%         N/A       50%         3
 Summon Ice Beast         Ice/Summ       10%        N/A       54%         4
 Airstrike                Air            1%         2d(1-17)  88%         4
 Summon Lightning Spire   Summ/Air       2%         N/A       88%         4
 Ozocubu's Refrigeration  Ice            9%         4d9       100%        7


Dungeon Overview and Level Annotations

Branches:
Dungeon (3/15)

Altars:
Fedhas
Kikubaaqudgha
Xom


Innate Abilities, Weirdness & Mutations

((You are very nimble when in or above water. (Stealth+, EV+, Speed+++)))
Your lower body shifts to a powerful aquatic tail in water.


Message History

The gnoll shouts!
You hear a shout!
The gnoll closely misses you.
You hear a shout! x3 2 gnolls come into view.
A gnoll comes into view. It is wielding a +0 flail.
Casting: Frozen Ramparts (dangerous; 7% risk of failure)
Confirm with . or Enter, or press ? or * to list all spells.
Casting: Frozen Ramparts (dangerous; 7% risk of failure)
Press: ? - help, Dir - look around, f - activate You miscast Frozen Ramparts.
You are very lightly contaminated with residual magic.
Nothing appears to happen.
The gnoll hits you from afar with a +0 halberd.
Unknown command.
Casting: Frozen Ramparts (dangerous; 7% risk of failure)
Confirm with . or Enter, or press ? or * to list all spells.
A film of ice covers your body! The gnoll barely misses you.
The gnoll hits you with a +0 flail! The gnoll hits you with a +0 flail.
The gnoll misses you.
Unknown command.
Casting: Ozocubu's Armour (dangerous; 7% risk of failure)
Confirm with . or Enter, or press ? or * to list all spells.
You don't have enough magic to cast this spell.
Unknown command.
Unknown command.
Unknown command.
You completely miss the gnoll. The gnoll hits you but does no damage.
The gnoll misses you. The gnoll hits you but does no damage.
The gnoll closely misses you.
You barely miss the gnoll. You punch the gnoll, but do no damage.
The gnoll hits you but does no damage. The gnoll hits you with a +0 flail.
* * * LOW HITPOINT WARNING * * *
Unknown command.
You slash the gnoll! You freeze the gnoll.
The gnoll is heavily wounded.
The gnoll hits you from afar with a +0 halberd!
* * * LOW HITPOINT WARNING * * *
The gnoll barely misses you.
The gnoll hits you from afar with a +0 halberd.
You die...

#.........##.#
#..#####..#.##
#..#[?(#...##
#..#$??#...#
#..#?))#...#
#..#####...#
#.#####
#..........#
#.ggg.#
..........# #@#
########.# #.#
#.# #.##########
#.# #..........#
#.# #.########.#
#.#
#.########.###.#
#..............#
..########....##
#.# #...##.#


You could see 3 gnolls.

Vanquished Creatures
  2 adders
  2 worms (D:2)
  A dart slug (D:2)
  An orc (D:3)
  10 ball pythons
  2 endoplasms
  3 giant cockroaches (D:1)
  5 hobgoblins
  8 jackals
  4 quokkas
  6 bats
  5 frilled lizards
  7 goblins
  2 kobolds
  3 rats (D:1)
61 creatures vanquished.

Notes
Turn   | Place    | Note
-------+----------+-------------------------------------------
     0 | D:1      | safid the Merfolk Ice Elementalist began the quest for the
                  | Orb.
     0 | D:1      | Reached XP level 1. HP: 13/13 MP: 3/3
   232 | D:1      | Reached XP level 2. HP: 11/20 MP: 1/5
   239 | D:1      | Reached skill level 1 in Fighting
   802 | D:1      | Reached XP level 3. HP: 26/26 MP: 2/6
   807 | D:1      | Learned a level 3 spell: Frozen Ramparts
  1234 | D:2      | Identified the +5 war axe of Kismet {freeze, rN+ Stlth+}
  1308 | D:2      | Learned a level 3 spell: Ozocubu's Armour
  1488 | D:2      | Reached skill level 5 in Ice Magic
  1548 | D:2      | Reached XP level 4. HP: 27/33 MP: 8/8
  1690 | D:2      | Identified the +7 trident "Cyept" {antimagic, *Slow rElec
                  | rF+ Int+2}
  2496 | D:3      | Found an ancient bone altar of Kikubaaqudgha.
  2496 | D:3      | Found a blossoming altar of Fedhas.
  2674 | D:3      | Found a shimmering altar of Xom.
  2747 | D:3      | Slain by a gnoll

Illustrated notes

Levels and vault maps discovered:
D:1:      lemuel_arrival_river_ford, layout_loops_ring
D:2:      layout_basic
D:3:      layout_loops_ring, grunt_temple_overflow_growth_and_decay,
          mainiacjoe_overflow_tiny_flanked, serial_glass, glass_columns_b,
          glass_columns_b, feat_on_display, due_unseen_surprise,
          item_on_display_a, feat_on_display, minmay_ruptured

Skill      XL: |  1  2  3 |
---------------+----------+-----
Fighting       | 1 2 |  2.3
Ice Magic      | 5 |  5.1
Dodging        | |  2.6
Stealth        | |  2.1
Spellcasting   | |  2.9

Action                     |  1- 3 |  4- 6 || total
---------------------------+-------+-------++-------
  Melee: Unarmed           |     6 |       ||     6
         Short sword       |    77 |       ||    77
         War axe           |    18 |    37 ||    55
         Punch             |       |     1 ||     1
   Cast: Freeze            |    23 |       ||    23
         Frozen Ramparts   |     1 |       ||     1
         Ozocubu's Armour  |       |     1 ||     1
   Stab: Sleeping          |     6 |     6 ||    12
 Armour: Robe              |    25 |     8 ||    33
  Dodge: Dodged            |    98 |    20 ||   118
